Map: Lost and Found LE

Players

Bioice - Winner!

  • Race: Zerg Zerg
  • Spawn Location: 7:00

Tesla (Rob)

  • Race: Protoss Protoss
  • Spawn Location: 1:00

Event: WCS Austin 2018

VOD

Have the link to the VOD?

Description

Time

  • Played on: June 1, 2018, 4:50 p.m.
  • Length: 8:47

All games in this series

Show
View Real Time Build Order
Export as new Build Order

Bioice Zerg - Winner!

Build Orders: Hatch First 

Get SALT Encoding   

  12  0:01  Drone  
  13  0:13  Overlord  
  13  0:16  Drone  
  14  0:32  Drone x2  
  16  0:49  Hatchery  
  15  0:52  Drone  
  15  0:57  Drone  
  17  1:00  Drone  
  18  1:07  Extractor  
  17  1:15  Spawning Pool  
  16  1:19  Drone  
  16  1:24  Drone  
  18  1:31  Drone  
  19  1:41  Drone  
  20  1:50  Overlord  
  20  2:01  Queen x2  
  20  2:02  Zergling x2  
  20  2:03  Zergling x2  
  26  2:09  Metabolic Boost  
  26  2:16  Zergling x4  
  28  2:23  Drone  
  28  2:24  Drone  
  30  2:37  Hatchery  
  29  2:46  Zergling x4  
  29  2:50  Queen  
  33  2:52  Overlord  
  33  2:55  Drone  
  34  3:02  Queen  
  36  3:19  Drone  
  37  3:20  Drone x4  
  37  3:21  Drone  
  42  3:28  Zergling x4  
  41  3:36  Zergling x4  
  41  3:40  Spore Crawler  
  41  3:41  Spore Crawler  
  41  3:47  Drone x3  
  42  3:50  Drone  
  42  3:51  Drone  
  42  3:53  Drone x3  
  47  4:00  Overlord  
  46  4:07  Drone x3  
  49  4:11  Drone  
  49  4:12  Overlord x2  
  50  4:19  Overlord  
  50  4:20  Drone  
  50  4:22  Spore Crawler  
  50  4:25  Evolution Chamber  
  50  4:26  Drone x2, Extractor  
  50  4:29  Drone  
  50  4:31  Drone  
  50  4:32  Drone  
  50  4:37  Drone x3  
  55  4:39  Drone  
  55  4:43  Zergling x6  
  59  4:48  Zergling x2  
  60  4:55  Zerg Melee Weapons Level 1  
  60  4:56  Zergling x2  
  60  4:57  Zergling x10  
  66  5:02  Zergling x2  
  67  5:08  Baneling Nest  
  67  5:10  Zergling x8  
  67  5:11  Zergling x6  
  73  5:20  Overlord  
  73  5:22  Lair  
  72  5:33  Drone x9  
  81  5:36  Extractor  
  81  5:37  Extractor  
  81  5:38  Drone x3  
  81  5:39  Drone x2  
  81  5:40  Drone  
  85  5:49  Overlord  
  84  5:52  Queen x2  
  84  5:54  Zergling x2  
  87  6:10  Zergling x20  
  97  6:18  Overlord x3  
  97  6:28  Queen  
  96  6:40  Overlord  
  96  6:47  Centrifical Hooks  
  96  6:48  Hydralisk Den, Baneling x3  
  96  6:49  Baneling x4, Zergling x2  
  96  6:50  Zergling x26  
  96  6:52  Baneling x4  
  109  7:01  Zergling x2  
  85  7:16  Zergling x2  
  85  7:17  Zergling x20  
  89  7:29  Hydralisk x5  
  91  7:31  Muscular Augments  
  99  7:42  Hydralisk  
  99  7:43  Zergling x2  
  99  7:44  Zergling x4  
  101  7:46  Baneling x2  
  101  7:52  Hydralisk  
  101  7:53  Zergling x2  
  101  7:54  Zergling x2  
  101  7:55  Spore Crawler  
  104  7:58  Hydralisk  
  104  7:59  Zergling x4  
  104  8:00  Zergling x8  
  104  8:04  Baneling x2  
  112  8:06  Zergling x2  
  112  8:07  Zergling x6  
  112  8:09  Baneling x2  
  112  8:12  Zergling x4  
  118  8:16  Zergling x2  
  118  8:18  Baneling  
Show
View Real Time Build Order
Export as new Build Order

Tesla Protoss 

Build Orders: 1 Gate Expand, Oracle Opening, Zealot Archon, Archon Drop 

Get SALT Encoding   

  12  0:00  Probe  
  13  0:12  Probe  
  14  0:21  Pylon  
  14  0:25  Probe  
  15  0:36  Probe  
  15  0:40  Gateway  
  16  0:44  Assimilator, Probe  
  17  0:53  Probe  
  18  1:05  Probe  
  19  1:19  Nexus  
  19  1:29  Cybernetics Core, Probe  
  19  1:37  Assimilator, Probe  
  21  1:47  Probe  
  21  1:52  Pylon  
  22  1:59  Probe  
  23  2:05  Adept  
  23  2:11  Probe  
  26  2:21  Stargate  
  26  2:23  Probe  
  26  2:25  Pylon  
  27  2:31  Probe  
  27  2:34  Adept  
  27  2:35  Probe  
  29  2:39  Probe  
  32  2:47  Probe  
  32  2:48  Probe  
  34  2:57  Oracle  
  34  2:59  Probe  
  34  3:00  Probe  
  34  3:03  Warp Gate  
  41  3:13  Probe  
  41  3:14  Probe  
  41  3:17  Pylon  
  43  3:21  Adept  
  43  3:26  Pylon  
  43  3:31  Probe  
  43  3:32  Probe  
  35  3:43  Probe  
  35  3:44  Probe  
  37  3:54  Probe  
  35  3:56  Gateway, Probe  
  35  4:02  Probe  
  36  4:03  Pylon  
  37  4:10  Probe x2  
  39  4:18  Twilight Council  
  39  4:19  Robotics Facility  
  39  4:21  Probe  
  41  4:24  Probe  
  41  4:25  Gateway  
  41  4:33  Probe  
  41  4:36  Probe  
  43  4:45  Gateway  
  43  4:46  Probe  
  43  4:48  Probe  
  43  4:51  Assimilator, Charge  
  45  4:53  Assimilator  
  45  4:54  Pylon  
  45  4:56  Warp Prism  
  45  4:58  Probe  
  46  5:00  Templar Archives  
  48  5:09  Probe  
  48  5:13  Probe  
  50  5:21  Probe  
  51  5:25  Probe  
  52  5:28  Pylon  
  52  5:41  Gateway x2  
  52  5:43  Gateway  
  52  5:45  Gateway  
  52  5:52  Pylon  
  52  6:03  High Templar x2  
  52  6:04  High Templar x2  
  60  6:06  Pylon  
  60  6:07  Pylon  
  60  6:08  Archon  
  60  6:09  Archon  
  60  6:15  Probe  
  60  6:16  Probe  
  62  6:23  Pylon  
  62  6:28  Probe  
  63  6:38  Zealot x4  
  71  6:43  Zealot x4  
  79  7:02  High Templar x4  
  79  7:03  Zealot x4  
  79  7:06  Archon  
  79  7:07  Archon, Warp Prism  
  55  7:26  Zealot x2, High Templar x2  
  63  7:35  Archon, Zealot x2  
  63  7:36  Zealot x2  
  71  7:49  Nexus  
  71  7:50  Zealot x2  
  75  7:52  Pylon  
  75  7:58  High Templar x2  
  79  8:02  Zealot x3  
  85  8:06  Probe x2  
  85  8:08  Archon  
  85  8:11  High Templar  
  85  8:12  High Templar  
  91  8:13  Zealot  
  91  8:17  Archon  
  91  8:18  Probe x2  
  95  8:23  Zealot  
  95  8:24  Zealot  
  99  8:29  Zealot  
  77  8:35  Zealot x3  
Tags
 
Add a new tag
Caveats
  • Supply blocks, unpowered buildings, or Contaminate may cause inaccurate times.
  • Supply counts are checked every 10 seconds.